 Dungeon Crawl Stone Soup version 0.22-a0-181-gb22368a (webtiles) character file.

61 Amnesiac the Magician (level 3, -1/24 HPs)
             Began as a Mummy Earth Elementalist on Feb 14, 2018.
             Slain by a jackal (2 damage)
             ... on level 4 of the Dungeon.
             The game lasted 00:01:39 (734 turns).

Amnesiac the Magician (Mummy Earth Elementalist)     Turns: 734, Time: 00:01:39

Health: -1/24      AC:  3    Str: 11    XL:     3   Next: 83%
Magic:  0/9        EV: 12    Int: 15    God:
Gold:   26         SH:  0    Dex: 12    Spells: 10/11 levels left

rFire    x . .     SeeInvis .   g - +0 dagger
rCold    + . .     Gourm    .   (no shield)
rNeg     + + +     Faith    .   c - +0 robe
rPois    ∞         Spirit   .   e - +0 helmet
rElec    .         Reflect  .   (no cloak)
rCorr    .         Harm     .   (no gloves)
MR       .....                  (no boots)
Stlth    ++........             (no amulet)
HPRegen  0.08/turn              (no ring)
MPRegen  0.11/turn              (no ring)

@: very slightly contaminated
A: no food or potions, fire vulnerability, cold resistance 1, negative energy
resistance 3, torment resistance, unbreathing
a: no special abilities


You were on level 4 of the Dungeon.
You were not hungry.

You visited 1 branch of the dungeon, and saw 4 of its levels.

You collected 26 gold pieces.

Inventory:

Hand Weapons
 g - a +0 dagger (weapon)
Missiles
 b - 3 stones (quivered)
 f - 43 sling bullets
Armour
 c - a +0 robe (worn)
 e - a +0 helmet (worn)
Books
 d - a book of Geomancy

   Spells                             Type                      Level
   a - Sandblast                      Earth                        1
   b - Passwall                       Transmutation/Earth          2
   c - Stone Arrow                    Conjuration/Earth            3
   d - Petrify                        Transmutation/Earth          4
   e - Lee's Rapid Deconstruction     Earth                        5


   Skills:
 - Level 1.5 Dodging
 - Level 1.5 Stealth
 + Level 4.5 Spellcasting
   Level 0.7 Transmutations
 - Level 3.0 Earth Magic


You had 10 spell levels left.
You knew the following spells:

 Your Spells              Type           Power        Failure   Level  Hunger
a - Sandblast             Erth           ##....       4%          1    N/A

Dungeon Overview and Level Annotations

Branches:
Dungeon (4/15)
 Temple: D:4-7

Altars:

Annotations:
D:4 1 runed door


Innate Abilities, Weirdness & Mutations

You do not eat or drink.
Your flesh is vulnerable to fire.
You are immune to poison.
Your flesh is cold resistant. (rC+)
You are immune to negative energy. (rN+++)
You are immune to unholy pain and torment.
You can survive without breathing.


Message History

The hound is moderately wounded.
b - 5 stones The hound barely misses you.
The jackal bites you. The hound bites you.
Unknown command.
Really read
a - a scroll labeled ZECAGI BUEMARGHUO {!r}?
Blink to where?
Press: ? - help, Dir - move target cursor, p - hound You are very lightly contaminated with residual magic.
As you read the scroll labeled ZECAGI BUEMARGHUO {!r}, it crumbles to dust.
It was a scroll of blinking {!r}.
The jackal completely misses you.
Found a runed door.
The jackal misses you.
You barely miss the jackal.
Casting: Sandblast (safe; 5% risk of failure)
Confirm with . or Enter, or press ? or * to list all spells.
Aiming: Sandblast (safe; 5% risk of failure)
Press: ? - help, Shift-Dir - straight line, f - hound
Aim: a hound (moderately wounded)
The blast of sand hits the hound.
The hound is severely wounded.
b - 4 stones The hound bites you but does no damage.
Unknown command.
The hound barely misses you.
You barely miss the hound.
The hound is severely wounded.
The hound misses you. The hound bites you.
You hit the hound but do no damage.
The hound is severely wounded.
The hound bites you.
* * * LOW HITPOINT WARNING * * *
You hit the hound but do no damage.
The hound is severely wounded.
The hound bites you.
* * * LOW HITPOINT WARNING * * *
The hound barely misses you.
You hit the hound.
The hound is almost dead.
The hound bites you.
* * * LOW HITPOINT WARNING * * *
You hit the hound.
You kill the hound!
Your Spellcasting skill increases to level 4!
You closely miss the jackal. The jackal bites you.
* * * LOW HITPOINT WARNING * * *
The jackal barely misses you.
Casting: Sandblast (safe; 4% risk of failure)
Confirm with . or Enter, or press ? or * to list all spells.
Aiming: Sandblast (safe; 4% risk of failure)
Press: ? - help, Shift-Dir - straight line, f - adder
Aim: an adder The blast of sand misses the jackal.
The blast of sand hits the quokka.
You kill the quokka!
b - 3 stones The jackal misses you.
You hit the jackal.
The jackal is heavily wounded.
The jackal bites you but does no damage.
The jackal closely misses you.
You barely miss the jackal.
The jackal is heavily wounded.
The jackal bites you.
You die...

......So#r####r...#
........### ##..##
####.###.### #....#
...........# ##...#
###.##S..### ##.##
#....#### ##S#
###.#)<...# #S##
..........## ##h#
........<..# #@##
.S.........# #+#
...........#
...........#
...........#
...........#
...).......#
..........#


You could see 2 adders and a jackal.

Vanquished Creatures
  A hound (D:4)
  2 gnolls (D:1)
  A dart slug (D:3)
  A bat (D:1)
  3 giant cockroaches
  A goblin (D:1)
  A quokka (D:4)
  2 rats (D:1)
12 creatures vanquished.

Notes
Turn   | Place    | Note
-------+----------+-------------------------------------------
     0 | D:1      | Amnesiac the Mummy Earth Elementalist began the quest for the Orb.
     0 | D:1      | Reached XP level 1. HP: 13/13 MP: 4/4
    56 | D:1      | Reached XP level 2. HP: 3/19 MP: 0/5
   317 | D:1      | Reached skill level 3 in Spellcasting
   681 | D:3      | Reached XP level 3. HP: 22/24 MP: 1/8
   720 | D:4      | Found a runed door.
   730 | D:4      | Reached skill level 4 in Spellcasting
   731 | D:4      | HP: 1/24 [jackal (2)]
   734 | D:4      | Slain by a jackal

Vault maps used:
D:1:      shiori_arrival_maze, hex_medium, minivault_14
D:3:      old_standard_altar, uniq_sigmund
D:4:      grunt_temple_overflow_open, uniq_crazy_yiuf_cottage, uniq_natasha

Skill      XL: |  1  2  3 |
---------------+----------+-----
Earth Magic    | 3 |  3.0
Spellcasting   | 3 4 |  4.5
Dodging        | |  1.5
Stealth        | |  1.5
Transmutations | |  0.7

Action                   || total
-------------------------++-------
Melee: Dagger            ||     9
 Cast: Sandblast         ||    27
  Use: Scroll            ||     1
Armor: Robe              ||     6
Dodge: Dodged            ||    20

Table legend:
 A = Spawn XP
 B = Non-spawn XP
 C = Spawn XP percentage of total XP
 D = Spawn monster count
 E = Non-spawn monster count
 F = Spawn count percentage of total count
 G = Total turns spent on level
                    A         B        C        D         E        F      G
               +---------+---------+-------+---------+---------+-------+---------
         Total |       0 |      88 |   0.0 |       0 |      12 |   0.0 |   734
               +---------+---------+-------+---------+---------+-------+---------
           D:1 |       0 |      36 |   0.0 |       0 |       7 |   0.0 |   598
           D:3 |       0 |       8 |   0.0 |       0 |       3 |   0.0 |    32
           D:4 |       0 |      44 |   0.0 |       0 |       2 |   0.0 |    33
               +---------+---------+-------+---------+---------+-------+---------
